 Dungeon Crawl Stone Soup version 0.28-a0-8-g6e044cfa68 (webtiles) character file.

Game seed: 8944052729584658885

3467 Sobieck the Arsonist (level 9, -4/45 HPs)
             Began as a Deep Elf Fire Elementalist on July 24, 2021.
             Was a Believer of Sif Muna.
             Slain by a killer bee (6 damage)
             ... on level 9 of the Dungeon.
             The game lasted 00:19:06 (11441 turns).

Sobieck the Arsonist (Deep Elf Fire Elementalist)  Turns: 11441, Time: 00:19:07

Health: -4/45      AC:  7    Str:  5    XL:     9   Next: 78%
Magic:  25/31      EV: 12    Int: 24    God:    Sif Muna [**....]
Gold:   327        SH:  0    Dex: 15    Spells: 10/23 levels left

rFire   + . .      SeeInvis .   h - +1 whip {mace}
rCold   + . .      Faith    .   (no shield)
rNeg    . . .      Spirit   .   S - +0 steam dragon scales
rPois   .          Reflect  .   d - +2 hat
rElec   .          Harm     .   (no cloak)
rCorr   .          Rampage  .   (no gloves)
Will    .....                   (no boots)
Stlth   +++.......              q - amulet of the acrobat
HPRegen 0.15/turn               o - ring of protection from cold
MPRegen 0.22/turn               t - ring "Huqufroxt" {rF+ MP+9}

@: no status effects
A: no striking features
a: Renounce Religion, Channel Magic


You were on level 9 of the Dungeon.
You worshipped Sif Muna.
Sif Muna was pleased with you.
You visited 1 branch of the dungeon, and saw 9 of its levels.

You collected 327 gold pieces.


   Skills:
 - Level 2.4 Dodging
 - Level 6.0 Stealth
 + Level 7.8 Spellcasting
 * Level 8.5 Conjurations
 * Level 9.2 Fire Magic
 + Level 5.3 Invocations


You had 10 spell levels left.
You knew the following spells:

 Your Spells              Type           Power      Damage    Failure   Level
a - Foxfire               Conj/Fire      100%       2x1d9     1%          1
b - Conjure Flame         Conj/Fire      51%        6-21      1%          3
c - Sticky Flame          Conj/Fire      51%        2d7       1%          4
d - Fireball              Conj/Fire      25%        3d11      4%          5

Your spell library contained the following spells:

 Spells                   Type           Power      Damage    Failure   Level
 Inner Flame              Hex/Fire       31%        N/A       3%          3
 Ignite Poison            Fire/Tmut/Pois 24%        N/A       5%          3
 Slow                     Hex            9%         N/A       10%         2
 Sublimation of Blood     Necr           4%         N/A       10%         2
 Wereblood                Tmut           9%         N/A       10%         2
 Confusing Touch          Hex            9%         N/A       21%         3
 Vampiric Draining        Necr           4%         2d6       21%         3
 Summon Hydra             Summ           4%         N/A       100%        7

Inventory:

Hand Weapons
 e - a +0 dagger {short}
   (You found it on level 1 of the Dungeon)
 h - a +1 whip (weapon) {mace}
   (You found it on level 1 of the Dungeon)
 r - a +0 flail of protection {mace}
   (You took it off Edmund on level 4 of the Dungeon)
 w - a +0 dagger of venom {short}
   (You found it on level 5 of the Dungeon)
 F - a +0 flail of holy wrath {mace}
   (You took it off a gnoll on level 4 of the Dungeon)
 H - a +1 whip of venom {mace}
   (You took it off an orc on level 6 of the Dungeon)
 M - a +0 mace of protection {mace}
   (You took it off an orc warrior on level 7 of the Dungeon)
 N - a +0 halberd of freezing {polearm}
   (You took it off a gnoll on level 8 of the Dungeon)
 V - a +0 flail of holy wrath {mace}
   (You took it off an orc on level 8 of the Dungeon)
Missiles
 c - 44 bolts
 f - 182 stones {throwing}
 D - 93 arrows
 G - 11 boomerangs {throwing}
 P - 5 boomerangs of dispersal {=f!fthrowing}
 T - 17 poisoned darts {throwing}
 W - 20 sling bullets
Armour
 a - a +0 robe
 d - a +2 hat (worn)
   (You found it on level 1 of the Dungeon)
 J - a +1 plate armour of fire resistance
   (You found it on level 6 of the Dungeon)
 S - +0 steam dragon scales (worn)
   (You took it off Maggie on level 8 of the Dungeon)
Magical Staves
 m - a staff of cold {!astaff}
   (You found it on level 2 of the Dungeon)
Jewellery
 o - a ring of protection from cold (left hand)
   (You found it on level 4 of the Dungeon)
 q - an amulet of the acrobat (around neck)
   (You found it on level 3 of the Dungeon)
 t - the ring "Huqufroxt" (right hand) {rF+ MP+9}
   (You took it off a hobgoblin on level 4 of the Dungeon)

   [ring of magical power]

   rF:        It protects you from fire.
   MP:        It affects your magic capacity (+9).
 z - a ring of protection from cold
   (You found it on level 5 of the Dungeon)
 K - a ring of protection from fire
   (You found it on level 6 of the Dungeon)
Wands
 B - a wand of polymorph (10)
   (You found it on level 5 of the Dungeon)
 U - a wand of acid (8)
   (You took it off an orc priest on level 8 of the Dungeon)
Scrolls
 j - 5 scrolls of amnesia
 u - 2 scrolls of enchant weapon
 y - 5 scrolls of identify {@r1}
 A - 3 scrolls of teleportation {@r4}
 C - a scroll of acquirement {unknown}
 E - a scroll of silence {unknown}
 I - a scroll of blinking {unknown}
 O - a scroll of fear {unknown}
 Q - a scroll of immolation {unknown}
 R - a scroll of torment {!r}
Potions
 b - a potion of flight
 g - 2 potions of degeneration {unknown}
 i - a potion of cancellation {unknown}
 k - 6 potions of curing {@q1}
 l - 2 potions of mutation {unknown}
 n - 3 potions of brilliance {unknown}
 p - 2 potions of lignification {unknown}
 s - 2 potions of might {unknown}
 v - 2 potions of heal wounds {unknown}
 x - 2 potions of haste {unknown}
 L - a potion of berserk rage {unknown}

Dungeon Overview and Level Annotations

Branches:
Dungeon (9/15)             Temple (0/1) D:6            Lair (0/6) D:9
    Orc: D:9-12

Altars:
Ashenzari
Dithmenos
Hepliaklqana
Kikubaaqudgha
Okawaru
Qazlal
Sif Muna
Uskayaw
Vehumet
Xom
Yredelemnul

Shops:
D:8 [

Annotations:
D:5 exclusion: downstairs
D:7 exclusion: downstairs

#................####
. #..........###..y
#..........# .
#..........#
#..........#
#..........#
#..........#
#.....yyy..#
#.....y@y..#
#..........#
#..........#
#..........#
...........#
............
#############


You could see 5 killer bees.


Message History

The killer bee buzzes angrily.
You hear an angry buzzing noise.
The killer bee stings you but does no damage. 😎 MP[+1]
The killer bee stings you. The killer bee misses you.
The killer bee completely misses you. 😕 HP[-1]
You take 1 damage, and now have 44/45 hp. 😎 HP[+1]
Your hp is fully restored (45).
The killer bee stings the plant!
The plant begins to die.
The killer bee completely misses you.
The killer bee stings the fungus!
The fungus begins to die.
The killer bee completely misses you. 😎 MP[+1]
A killer bee comes into view.
The killer bee stings the fungus.
The killer bee misses you.
The killer bee buzzes angrily.
The killer bee stings you. 😕 HP[-5]
You take 5 damage, and now have 40/45 hp.
The killer bee closely misses you.
A killer bee comes into view.
A nearby fungus withers and dies.
A nearby plant withers and dies.
A killer bee comes into view.
The killer bee closely misses you. 😕 HP[+1] MP[+1]
The killer bee misses you.
The killer bee buzzes angrily.
You closely miss the killer bee.
The killer bee buzzes angrily.
The killer bee misses you. The killer bee stings you.
You are poisoned.
The killer bee poisons you! The killer bee misses you. 😕 HP[-4]
You take 4 damage, and now have 37/45 hp.
You feel sick. The killer bee misses you. The killer bee stings you. 😮 HP[-6]
You take 6 damage, and now have 31/45 hp.
You feel sick.
The killer bee stings you but does no damage.
The killer bee misses you. 😮 HP[-2] MP[+1]
You take 2 damage, and now have 29/45 hp.
You feel sick.
The killer bee completely misses you. 😮 HP[-1]
You take 1 damage, and now have 28/45 hp.
You feel sick. The killer bee completely misses you. The killer bee misses you.
The killer bee barely misses you.
You feel sick.
The killer bee completely misses you. x3 😮 HP[-1]
You take 1 damage, and now have 27/45 hp.
You feel sick. The killer bee completely misses you.
The killer bee closely misses you. 😮 HP[-1]
You take 1 damage, and now have 26/45 hp.
You feel sick. The killer bee misses you.
The killer bee closely misses you. 😮 HP[-1] MP[+1]
You take 1 damage, and now have 25/45 hp.
You feel sick.
You are no longer poisoned.
The killer bee completely misses you. 😮 HP[-1]
You take 1 damage, and now have 24/45 hp.
The killer bee completely misses you. The killer bee misses you.
The killer bee completely misses you. The killer bee misses you.
The killer bee stings you.
* * * LOW HITPOINT WARNING * * *
You are poisoned.
The killer bee poisons you! The killer bee barely misses you. x2
The killer bee completely misses you. x2 😨 HP[-4]
You take 4 damage, and now have 20/45 hp.
You feel sick. 😨 HP[-2] MP[+1]
You take 2 damage, and now have 18/45 hp.
You feel sick. The killer bee barely misses you.
The killer bee completely misses you. 😨 HP[-1]
You take 1 damage, and now have 17/45 hp.
You feel sick. The killer bee stings you!
* * * LOW HITPOINT WARNING * * *
You are lethally poisoned!
The killer bee poisons you! The killer bee stings you.
* * * LOW HITPOINT WARNING * * *
The killer bee misses you.
There is a stone staircase leading up, spattered with blood here. 😱 HP[-10]
You take 10 damage, and now have 7/45 hp.
MASSIVE DAMAGE!! (PAUSE) Unknown command.
It was a potion of curing.
You feel better. The killer bee stings you.
* * * LOW HITPOINT WARNING * * *
The killer bee stings you but does no damage.
The killer bee stings you.
* * * LOW HITPOINT WARNING * * *
The killer bee stings you but does no damage. x2
The killer bee stings you.
* * * LOW HITPOINT WARNING * * *
The killer bee stings you.
You die...

Skill      XL: |  1  2  3  4  5  6  7  8  9 |
---------------+----------------------------+-----
Conjurations   | 2 3 4 5 7 8 |  8.5
Stealth        | 3 4 5 6 |  6.0
Fire Magic     | 4 5 6 7 9 |  9.2
Spellcasting   | 4 5 6 7 |  7.8
Invocations    | 1 2 4 5 |  5.3
Dodging        | |  2.4

Action                   |  1- 3 |  4- 6 |  7- 9 || total
-------------------------+-------+-------+-------++-------
Melee: Unarmed           |     9 |       |       ||     9
       Whip              |     8 |    12 |     3 ||    23
 Cast: Foxfire           |   101 |   125 |   345 ||   571
       Sticky Flame      |       |     4 |    14 ||    18
       Fireball          |       |       |     6 ||     6
       Conjure Flame     |       |       |     1 ||     1
  Use: Scroll            |       |     6 |     1 ||     7
       Potion            |       |       |     1 ||     1
 Stab: Sleeping          |     1 |       |     1 ||     2
Armor: Robe              |     7 |     5 |    25 ||    37
       Steam dragon scal |       |       |     5 ||     5
Dodge: Dodged            |    20 |    19 |   126 ||   165

Levels and vault maps discovered:
D:1:      minmay_arrival_nine_rooms, layout_loops_ring,
          shapermc_ecumenical_altar_pompeii, serial_bayou_ford_a
D:2:      layout_rooms, basic_altar
D:3:      layout_basic, mainiacjoe_overflow_brackets, grunt_ministairs_9
D:4:      layout_basic, xom_confusion_cloud, cheibrodos_ashenzari_chains,
          serial_park_tiny_2, uniq_edmund
D:5:      layout_loops_corners, mainiacjoe_overflow_large_starburst,
          nicolae_uskayaw_en_pointe, gup_sewer_entry_bubbles, minivault_5,
          uniq_blork_the_orc
D:6:      layout_loops_ring, nicolae_hepliaklqana_hazy_memory, okawaru_trees_2,
          minmay_temple_entry_tees, st_stairs_10, amcnicky_mini_pool_small
D:7:      layout_rooms, nicolae_yredelemnul_corpse_copse
D:8:      layout_cave_pools, grunt_qazlal_clouds, serial_shops, shop,
          uniq_maggie
D:9:      lemuel_flame_loot_2, layout_long_grid, dpeg_oklobed_lair, uniq_pikel,
          uniq_prince_ribbit1

Notes
Turn   | Place    | Note
-------+----------+-------------------------------------------
     0 | D:1      | Sobieck the Deep Elf Fire Elementalist began the quest for
                  | the Orb.
     0 | D:1      | Reached XP level 1. HP: 10/10 MP: 6/6
     0 | D:1      | magus.rc [v1.9.6]
   134 | D:1      | Reached XP level 2. HP: 10/15 MP: 0/8
   729 | D:1      | Reached skill level 2 in Conjurations
  1067 | D:1      | Found a faded altar of an unknown god.
  1159 | D:1      | Reached XP level 3. HP: 19/19 MP: 6/9
  1448 | D:2      | Reached skill level 3 in Stealth
  1694 | D:2      | Found an ancient bone altar of Kikubaaqudgha.
  1965 | D:2      | Reached skill level 4 in Fire Magic
  2017 | D:2      | Reached XP level 4. HP: 24/24 MP: 7/11
  2426 | D:3      | Learned a level 3 spell: Conjure Flame
  2431 | D:3      | Learned a level 4 spell: Sticky Flame
  2900 | D:3      | Found a shimmering blue altar of Sif Muna.
  2929 | D:3      | Became a worshipper of Sif Muna the Loreminder
  3157 | D:3      | Reached skill level 3 in Conjurations
  3761 | D:4      | Found a shimmering altar of Xom.
  3761 | D:4      | Noticed a gnoll sergeant
  3766 | D:4      | Reached skill level 4 in Spellcasting
  3766 | D:4      | Reached XP level 5. HP: 28/28 MP: 7/13
  4183 | D:5      | Entered Level 5 of the Dungeon
  4189 | D:5      | Reached skill level 1 in Invocations
  4189 | D:5      | Reached XP level 6. HP: 21/32 MP: 7/14
  4363 | D:5      | Learned a level 5 spell: Fireball
  4528 | D:4      | Reached skill level 4 in Stealth
  4528 | D:4      | Reached skill level 4 in Conjurations
  4528 | D:4      | Reached skill level 5 in Fire Magic
  4660 | D:4      | Found a broken altar of Ashenzari.
  4693 | D:4      | Noticed Edmund
  4711 | D:4      | HP: 8/32 [Edmund (9)]
  4737 | D:4      | Killed Edmund
  4830 | D:4      | Identified the ring "Huqufroxt" {rF+ MP+9}
  5177 | D:4      | Noticed a water moccasin
  5187 | D:4      | Killed a water moccasin
  5188 | D:4      | Reached skill level 2 in Invocations
  5188 | D:4      | Reached XP level 7. HP: 20/36 MP: 8/16
  5192 | D:4      | HP: 9/36 [poisoned by a water moccasin]
  5197 | D:4      | HP: 4/36 [poisoned by a water moccasin]
  5700 | D:5      | Found a shadowy altar of Dithmenos.
  5705 | D:5      | Found a radiant altar of Vehumet.
  5739 | D:5      | Reached skill level 5 in Spellcasting
  6204 | D:6      | Found a staircase to the Ecumenical Temple.
  6291 | D:5      | Noticed Blork the orc
  6307 | D:5      | Killed Blork the orc
  6308 | D:5      | Reached skill level 5 in Conjurations
  6308 | D:5      | Reached skill level 6 in Fire Magic
  6446 | D:5      | Noticed a +0 spear
  6446 | D:5      | Noticed a +0 falchion
  6447 | D:5      | Noticed a +0 dagger
  6447 | D:5      | Noticed a +0 short sword
  6449 | D:5      | Noticed a +0 short sword
  6449 | D:5      | Noticed a +0 falchion
  6449 | D:5      | Noticed a +0 dagger
  6450 | D:5      | Noticed a +0 spear
  6451 | D:5      | Found a hide-covered altar of Uskayaw.
  6632 | D:5      | Reached skill level 5 in Stealth
  6725 | D:5      | Reached * piety under Sif Muna
  6776 | D:5      | Reached XP level 8. HP: 17/41 MP: 18/18
  6964 | D:4      | Reached skill level 3 in Invocations
  7813 | D:6      | Reached skill level 6 in Conjurations
  7967 | D:6      | Reached skill level 6 in Spellcasting
  7967 | D:6      | Reached skill level 7 in Fire Magic
  8031 | D:6      | Found a hazy altar of Hepliaklqana.
  8336 | D:6      | Reached skill level 6 in Stealth
  8336 | D:6      | Reached skill level 4 in Invocations
  8555 | D:6      | Found an iron altar of Okawaru.
  8699 | D:6      | Reached ** piety under Sif Muna
  8961 | D:7      | Reached skill level 7 in Conjurations
  8961 | D:7      | Reached XP level 9. HP: 45/45 MP: 20/20
  9072 | D:8      | Found Ereatide's Armour Shoppe.
  9203 | D:7      | You pick up a book of Blood and begin reading...
  9203 | D:7      | You add the spells Sublimation of Blood, Wereblood and
                  | Summon Hydra to your library.
  9217 | D:7      | Reached skill level 8 in Fire Magic
  9629 | D:7      | Found a basalt altar of Yredelemnul.
  9898 | D:7      | magus.rc [v1.9.6]
  9954 | D:8      | Reached skill level 7 in Spellcasting
 10440 | D:8      | Noticed Maggie
 10469 | D:8      | Killed Maggie
 10470 | D:8      | Reached skill level 8 in Conjurations
 10470 | D:8      | Reached skill level 5 in Invocations
 10668 | D:8      | Reached skill level 9 in Fire Magic
 10917 | D:8      | Noticed a gargoyle
 10928 | D:8      | Killed a gargoyle
 11215 | D:8      | Found a stormy altar of Qazlal.
 11353 | D:9      | You pick up a book of Debilitation and begin reading...
 11353 | D:9      | You add the spells Slow, Vampiric Draining and Confusing
                  | Touch to your library.
 11361 | D:9      | Found a staircase to the Lair.
 11391 | D:9      | Noticed a two-headed ogre
 11440 | D:9      | HP: 9/45 [killer bee (7)]
 11441 | D:9      | HP: 2/45 [killer bee (5)]
 11441 | D:9      | Slain by a killer bee

Vanquished Creatures
  A gargoyle (D:8)
  Maggie (D:8)
  A steam dragon (D:7)
  Edmund (D:4)
  2 water moccasins
  2 orc warriors
  A hornet zombie (D:7)
  A sky beast (D:8)
  An ice beast (D:7)
  3 necrophages
  2 centaurs
  Blork the orc (D:5)
  2 wyvern zombies (D:7)
  2 gnoll sergeants
  2 scorpions
  A water moccasin skeleton (D:5)
  2 jellies
  3 howler monkeys (D:8)
  2 bullfrog zombies (D:7)
  2 centaur zombies
  A hound (D:6)
  2 centaur skeletons (D:5)
  3 orc priests
  A gnoll shaman (D:6)
  An iguana (D:6)
  2 bullfrog skeletons
  5 orc wizards
  2 killer bee zombies (D:7)
  A howler monkey skeleton (D:7)
  11 gnolls
  A howler monkey zombie (D:7)
  9 adders
  A shadow imp (D:3)
  An ufetubus (D:6)
  5 worms
  2 dart slugs
  29 orcs
  6 ball pythons
  8 endoplasms
  5 giant cockroaches
  7 hobgoblins
  8 jackals
  3 quokkas (D:5)
  8 bats
  2 frilled lizards
  7 goblins
  5 kobolds
  8 rats
177 creatures vanquished.

Vanquished Creatures (collateral kills)
  7 foxfires
7 creatures vanquished.

Vanquished Creatures (others)
  An adder (D:4)
  A dart slug (D:4)
  A hobgoblin (D:4)
  A ball python (D:4)
  935 foxfires
  A fungus (D:9)
  A plant (D:9)
941 creatures vanquished.

Grand Total: 1125 creatures vanquished

Table legend:
 A = Non-vault XP
 B = Vault XP
 C = Vault XP percentage of total XP
 D = Non-vault monster count
 E = Vault monster count
 F = Vault count percentage of total count
                 A         B        C        D         E       F
            +---------+---------+-------+---------+---------+-------
      Total |    3646 |    1308 |  26.4 |     151 |      26 |  14.7
            +---------+---------+-------+---------+---------+-------
        D:1 |      43 |       0 |   0.0 |      26 |       0 |   0.0
        D:2 |      64 |       0 |   0.0 |      19 |       0 |   0.0
        D:3 |      60 |       4 |   6.2 |      16 |       2 |  11.1
        D:4 |     319 |     288 |  47.4 |      13 |       4 |  23.5
        D:5 |     638 |     141 |  18.1 |      18 |       9 |  33.3
        D:6 |     828 |      16 |   1.9 |      22 |       2 |   8.3
        D:7 |     703 |     489 |  41.0 |      14 |       8 |  36.4
        D:8 |     991 |     370 |  27.2 |      23 |       1 |   4.2
            +---------+---------+-------+---------+---------+-------

Illustrated notes

Table legend:
 A = Kills in this place as a percentage of kills in entire the game.
 B = Kills by you in this place as a percentage of kills by you in the entire game.
 C = Kills by friends in this place as a percentage of kills by friends in the entire game.
 D = Other kills in this place as a percentage of other kills in the entire game.
 E = Experience gained in this place as a percentage of experience gained in the entire game.
 F = Experience gained in this place divided by the number of levels of this place that you have seen.
                   A       B       C       D       E      F
               +-------+-------+-------+-------+-------+----------------------
         Total | 100.0 | 100.0 |   N/A |   N/A | 100.0 | 550.4
       Dungeon | 100.0 | 100.0 |   N/A |   N/A | 100.0 | 550.4
               +-------+-------+-------+-------+-------+----------------------

Table legend: (Time is in decaauts)
 A = Elapsed time spent in this place.
 B = Non-inter-level travel time spent in this place.
 C = Inter-level travel time spent in this place.
 D = Time resting spent in this place.
 E = Time spent auto-exploring this place.
 F = Levels seen in this place.
 G = Mean time per level.
                   A        B        C        D        E       F      G
               +--------+--------+--------+--------+--------+-----+--------+
         Total |  11496 |  11031 |    465 |   2519 |   7001 |   9 | 1277.3 |
       Dungeon |  11496 |  11031 |    465 |   2519 |   7001 |   9 | 1277.3 |
               +--------+--------+--------+--------+--------+-----+--------+

Top non-repeatable levels by time:
     D:5: 2098 daAuts
     D:4: 2072 daAuts
     D:7: 1596 daAuts
     D:1: 1438 daAuts
     D:3: 1250 daAuts
     D:6: 1028 daAuts
     D:8: 1005 daAuts
     D:2: 908 daAuts
     D:9: 96 daAuts
